 Dungeon Crawl Stone Soup version 0.26-a0-1013-gf6ffb0d6bd (webtiles) character file.

Game seed: 11278245045580482148

32 ootcrobin the Gusty (level 3, 0/24 HPs)
             Began as a Demonspawn Air Elementalist on Dec 7, 2020.
             Succumbed to an adder's poison
             ... on level 2 of the Dungeon on Dec 13, 2020.
             The game lasted 00:11:10 (1582 turns).

ootcrobin the Gusty (Demonspawn Air Elementalist)   Turns: 1582, Time: 00:11:10

Health: 0/24       AC:  4    Str:  8    XL:     3   Next: 8%
Magic:  0/6        EV: 12    Int: 17    God:
Gold:   83         SH:  0    Dex: 13    Spells: 3/6 levels left

rFire    . . .     SeeInvis .   f - +0 dagger
rCold    . . .     Faith    .   (no shield)
rNeg     . . .     Spirit   .   a - +0 robe
rPois    .         Reflect  .   (no helmet)
rElec    .         Harm     .   (no cloak)
rCorr    .         Rampage  .   (no gloves)
Will     .....                  (no boots)
Stlth    ++........             (no amulet)
HPRegen  0.08/turn              (no ring)
MPRegen  0.10/turn              (no ring)

@: lethally poisoned (0 -> -5)
A: claws 1, yellow scales 1
a: no special abilities


You were on level 2 of the Dungeon.
You visited 1 branch of the dungeon, and saw 2 of its levels.

You collected 83 gold pieces.

Inventory:

Hand Weapons
 f - a +0 dagger (weapon)
   (You took it off a goblin on level 1 of the Dungeon)
Missiles
 b - 18 stones
 j - 2 boomerangs
Armour
 a - a +0 robe (worn)
Scrolls
 c - 2 scrolls of noise {unknown}
 e - 2 scrolls of remove curse {unknown}
 i - 2 scrolls of teleportation {unknown}
 k - a scroll of random uselessness {unknown}


   Skills:
 - Level 2.0 Dodging
 - Level 2.0 Stealth
 - Level 2.0 Spellcasting
 + Level 2.0 Conjurations
 + Level 3.2 Air Magic


You had 3 spell levels left.
You knew the following spells:

 Your Spells              Type           Power        Failure   Level
a - Shock                 Conj/Air       ##..         7%          1
S - Swiftness             Air            ##......     8%          2

Your spell library contained the following spells:

 Spells                   Type           Power        Failure   Level
 Static Discharge         Conj/Air       ##......     21%         3
 Airstrike                Air            ##........   45%         4
 Lightning Bolt           Conj/Air       ##........   88%         5


Dungeon Overview and Level Annotations

Branches:
Dungeon (2/15)

Altars:

Annotations:
D:1 exclusions: giant cockroach and 3 jackals


Innate Abilities, Weirdness & Mutations

You have sharp fingernails.
You are partially covered in yellow scales. (AC +2)


Message History

You feel sick. The adder bites you.
Aiming: Shock (safe; 8% risk of failure)
Press: ? - help, Q - select action, (/) - cycle Shift-Dir - straight line The zap hits the adder.
The adder is heavily wounded.
The zap hits the adder.
The adder is heavily wounded.
* * * LOW MAGIC WARNING * * *
The adder bites you.
Unknown command.
Aiming: Shock (safe; 8% risk of failure)
Press: ? - help, Q - select action, (/) - cycle Shift-Dir - straight line You miscast Shock.
Nothing appears to happen.
* * * LOW MAGIC WARNING * * *
You feel sick. The adder bites you. The adder misses you.
It was a potion of curing.
You feel better. The adder bites you but does no damage.
Fire/throw which item? (* to show all) (? for menu, Esc to quit)
Throw: 2 boomerangs
Press: ? - help, Shift-Dir - straight line, f - adder
Aim: an adder (heavily wounded)
You throw a boomerang. The boomerang misses the adder.
The adder closely misses you. The adder misses you.
Fire/throw which item? (* to show all) (? for menu, Esc to quit)
Throw: 2 boomerangs
Press: ? - help, Shift-Dir - straight line, f/p - adder
Aim: an adder (heavily wounded)
You throw a boomerang. The boomerang barely misses the adder.
The adder bites you but does no damage.
Autopickup is now off.
Autopickup is now on.
Fire/throw which item? (* to show all) (? for menu, Esc to quit)
Throw: 2 boomerangs
Press: ? - help, Shift-Dir - straight line, f/p - adder
Aim: an adder (heavily wounded)
You throw a boomerang. The boomerang misses the adder.
The adder closely misses you. The adder bites you.
You are poisoned.
The adder poisons you!
Fire/throw which item? (* to show all) (? for menu, Esc to quit)
Throw: 2 boomerangs
Press: ? - help, Shift-Dir - straight line, f/p - adder
Aim: an adder (heavily wounded)
You throw a boomerang. The boomerang hits the adder.
The adder is severely wounded.
You feel sick. The adder bites you. x2
* * * LOW HITPOINT WARNING * * *
Fire/throw which item? (* to show all) (? for menu, Esc to quit)
Throw: 2 boomerangs
Press: ? - help, Shift-Dir - straight line, f/p - adder
Aim: an adder (severely wounded)
You throw a boomerang. The boomerang hits the adder.
The adder is severely wounded.
* * * LOW HITPOINT WARNING * * *
You feel sick. The adder bites you.
* * * LOW HITPOINT WARNING * * *
You are more poisoned.
The adder poisons you!
Unknown command.
It was a potion of lignification.
You turn into a tree.
Your roots penetrate the ground.
* * * LOW HITPOINT WARNING * * *
You feel sick. The adder bites you.
* * * LOW HITPOINT WARNING * * *
The adder barely misses you.
It was a potion of cancellation.
Your magical effects are unravelling.
You feel magically purged.
Your magical contamination has completely faded away.
You feel less wooden. The adder bites you but does no damage.
You barely miss the adder.
The adder is severely wounded.
* * * LOW HITPOINT WARNING * * *
You feel sick. The adder bites you but does no damage.
Unknown command.
Casting: Shock (safe; 8% risk of failure)
Confirm with . or Enter, or press ? or * to list all spells.
Aiming: Shock (safe; 8% risk of failure)
Press: ? - help, Shift-Dir - straight line, p - adder The zap misses the adder.
The zap hits the adder.
You kill the adder!
* * * LOW MAGIC WARNING * * *;
* * * LOW HITPOINT WARNING * * *
You feel sick.
Your Conjurations skill increases to level 2!
You have reached level 3!
Your experience leads to an increase in your attributes!
Increase (S)trength, (I)ntelligence, or (D)exterity?
You feel clever.
Your demonic ancestry asserts itself...
Your fingernails lengthen.
But you're not safe! But you're not safe!
* * * LOW HITPOINT WARNING * * *
You feel sick.
Unknown command.
* * * LOW HITPOINT WARNING * * *
You feel sick.
Unknown command.
You die...

░.░ ░<░
░...░ ░.░░░
░ ..░ ░░░
░░░░░░░░
░..†@<.░
░░░.░░░░░░
░.....S..░
░.░...[...░
........░..░
░.░.░..░.░
.░
░.░.░..░.░ ░
░..... .
░░░.░..░░


There were no monsters in sight!

Vanquished Creatures
  An adder (D:2)
  2 dart slugs (D:1)
  2 bats
  3 giant cockroaches (D:1)
  3 goblins (D:1)
  A hobgoblin (D:1)
  A jackal (D:1)
  2 frilled lizards (D:1)
  3 rats (D:1)
18 creatures vanquished.

Notes
Turn   | Place    | Note
-------+----------+-------------------------------------------
     0 | D:1      | ootcrobin the Demonspawn Air Elementalist began the quest
                  | for the Orb.
     0 | D:1      | Reached XP level 1. HP: 13/13 MP: 3/3
    23 | D:1      | HP: 3/13 [dart slug/slug dart (4)]
   448 | D:1      | Reached skill level 2 in Stealth
   449 | D:1      | Reached skill level 2 in Dodging
   609 | D:1      | Gained mutation: You are partially covered in yellow
                  | scales. (AC +2) [demonic ancestry]
   609 | D:1      | Reached XP level 2. HP: 12/19 MP: 0/5
  1022 | D:1      | Learned a level 2 spell: Swiftness
  1030 | D:1      | Reached skill level 3 in Air Magic
  1573 | D:2      | HP: 7/28 [poisoned by an adder]
  1575 | D:2      | HP: 3/19 [poisoned by an adder]
  1577 | D:2      | Reached skill level 2 in Conjurations
  1577 | D:2      | Gained mutation: You have sharp fingernails. [demonic
                  | ancestry]
  1577 | D:2      | Reached XP level 3. HP: 3/24 MP: 0/6
  1580 | D:2      | HP: 1/24 [poisoned by an adder]
  1582 | D:2      | Succumbed to an adder's poison

Illustrated notes

Levels and vault maps discovered:
D:1:      enne_arrival_octagon_isle, layout_loops_ring
D:2:      layout_basic, lemuel_blue_sif_altar, minmay_misc_feat_columns

Skill      XL: |  1  2 |
---------------+-------+-----
Stealth        | 2 |  2.0
Dodging        | 2 |  2.0
Air Magic      | 3 |  3.2
Conjurations   | 2 |  2.0
Spellcasting   | |  2.0

Action                   || total
-------------------------++-------
Melee: Unarmed           ||    10
       Dagger            ||     6
Throw: Stone             ||    27
       Boomerang         ||     5
 Cast: Shock             ||    37
  Use: Potion            ||     3
Armor: Robe              ||    20
Dodge: Dodged            ||    44

Table legend: (Time is in decaauts)
 A = Elapsed time spent in this place.
 B = Non-inter-level travel time spent in this place.
 C = Inter-level travel time spent in this place.
 D = Time resting spent in this place.
 E = Time spent auto-exploring this place.
 F = Levels seen in this place.
 G = Mean time per level.
                   A        B        C        D        E       F      G
               +--------+--------+--------+--------+--------+-----+--------+
         Total |   1591 |   1501 |     90 |    605 |    671 |   2 |  795.5 |
       Dungeon |   1591 |   1501 |     90 |    605 |    671 |   2 |  795.5 |
               +--------+--------+--------+--------+--------+-----+--------+

Top non-repeatable levels by time:
     D:1: 1530 daAuts
     D:2: 61 daAuts

Table legend:
 A = Kills in this place as a percentage of kills in entire the game.
 B = Kills by you in this place as a percentage of kills by you in the entire game.
 C = Kills by friends in this place as a percentage of kills by friends in the entire game.
 D = Other kills in this place as a percentage of other kills in the entire game.
 E = Experience gained in this place as a percentage of experience gained in the entire game.
 F = Experience gained in this place divided by the number of levels of this place that you have seen.
                   A       B       C       D       E      F
               +-------+-------+-------+-------+-------+----------------------
         Total | 100.0 | 100.0 |   N/A |   N/A | 100.0 |  23.0
       Dungeon | 100.0 | 100.0 |   N/A |   N/A | 100.0 |  23.0
               +-------+-------+-------+-------+-------+----------------------
